AoeStats
← BottleDry

Highland

506526602Analyzed
4v4 RM · 19d ago on Sep 13, 2026· 41m 3s· 8 players
Game mode
Random Map
Map size
Large (8 player)
Population
200
Speed
Normal
Resources
Standard
Victory
Conquest
Starting age
Dark Age
Ending age
Imperial Age
RankedLock teamsTeams togetherTeam positionsShared explorationLock speedFull tech treeHidden civsTurbo modeCheats
Victory
Defeat
988
+15
🇫🇷 Wei · France
968
+16
🇨🇳 Persians · China
962
+16
🇺🇸 Japanese · United States
928
+18
🇨🇴 Malay · Colombia
1009
-18
🇺🇸 Teutons · United States
995
-17
🇦🇺 Japanese · Australia
945
-15
🇺🇸 Spanish · United States
929
-15
BottleDry
5:37 Loom
11:53 Feudal Age
12:40 Horse Collar
12:47 Double-Bit Axe
16:37 Gold Mining
22:46 Castle Age
21:35 Fletching
21:46 Padded Archer Armor
23:03 Stone Mining
23:51 Bodkin Arrow
24:12 Leather Archer Armor
24:09 Forging
24:00 Scale Mail Armor
24:22 Bow Saw
24:16 Heavy Plow
24:51 Medium Warships
27:36 Wheelbarrow
30:11 Masonry
34:04 Imperial Age
32:54 Iron Casting
32:34 Chain Mail Armor
33:06 Ballistics
32:58 Fortified Wall
33:56 Chain Mail Armor
35:19 Bracer
35:53 Plate Mail Armor
36:28 Chemistry
37:03 Ring Archer Armor
38:20 Conscription
39:12 Blast Furnace
40:39 Hand Cart
40:09 Town Watch
Jackou75
7:36 Loom
10:00 Feudal Age
10:47 Double-Bit Axe
15:08 Horse Collar
17:15 Bloodlines
23:23 Castle Age
22:13 Gold Mining
25:20 Bow Saw
25:16 Heavy Plow
26:25 Scale Barding Armor
29:24 Forging
31:38 Chain Barding Armor
35:05 Caravan
40:48 Imperial Age
40:24 Iron Casting
Δ𝗫𝗫▼✞♪przyszłość
13:09 Feudal Age
15:00 Double-Bit Axe
14:58 Horse Collar
21:53 Castle Age
20:21 Gold Mining
20:22 Stone Mining
22:50 Heavy Plow
23:15 Bow Saw
22:56 Loom
24:01 Padded Archer Armor
23:51 Fletching
24:36 Bow Saw
26:21 Bodkin Arrow
30:09 Imperial Age
29:10 Gold Shaft Mining
30:33 Heated Shot
31:05 Ballistics
30:25 Treadmill Crane
33:49 Chemistry
33:09 Fortified Wall
33:23 Conscription
34:26 Wheelbarrow
33:37 Town Watch
34:12 Siege Engineers
34:45 Treadmill Crane
36:03 Hand Cart
35:43 Elite Longbowman
37:45 Bracer
38:01 Leather Archer Armor
40:15 Ring Archer Armor
41:40 Masonry
1627684093
2:49 Loom
15:53 Feudal Age
18:23 Double-Bit Axe
18:25 Horse Collar
28:17 Castle Age
29:22 Bow Saw
30:02 Heavy Plow
30:47 Wheelbarrow
29:58 Town Watch
34:01 Imperial Age
31:17 Town Watch
34:16 Forging
34:11 Scale Barding Armor
34:30 Gold Mining
34:31 Stone Mining
36:08 Chemistry
35:19 Masonry
36:30 Gold Shaft Mining
36:31 Stone Shaft Mining
36:19 Chain Barding Armor
36:34 Iron Casting
35:24 Elite War Elephant
37:27 Hand Cart
37:12 Town Patrol
38:54 Plate Barding Armor
39:19 Blast Furnace
41:42 Two-Man Saw
41:44 Blast Furnace
TheDrunkenKoala
3:23 Loom
13:17 Feudal Age
13:41 Horse Collar
13:49 Double-Bit Axe
15:02 Wheelbarrow
22:12 Castle Age
21:25 Forging
21:21 Scale Barding Armor
21:44 Stone Mining
23:58 Bow Saw
23:58 Heavy Plow
32:19 Imperial Age
35:35 Two-Man Saw
35:05 Hand Cart
35:27 Chain Barding Armor
38:35 Stone Shaft Mining
37:50 Gold Mining
Vitaly
4:59 Loom
14:10 Feudal Age
14:59 Double-Bit Axe
14:57 Horse Collar
20:08 Castle Age
19:00 Stone Mining
19:27 Gold Mining
21:05 Wheelbarrow
21:57 Heavy Plow
25:16 Bow Saw
32:40 Imperial Age
31:03 Hand Cart
32:01 Scale Barding Armor
31:48 Fletching
33:24 Forging
33:18 Cavalier
34:09 Bloodlines
34:55 Crop Rotation
35:30 Two-Man Saw
35:33 Chain Barding Armor
36:03 Fortified Wall
37:39 Crenellations
38:35 Plate Barding Armor
38:43 Iron Casting
40:24 Hoardings
40:10 Conscription
40:06 Paladin
CC182
7:02 Loom
12:18 Feudal Age
12:00 Town Watch
12:02 Double-Bit Axe
13:56 Horse Collar
17:00 Fishing Lines
20:25 Castle Age
22:52 Bow Saw
28:55 Thalassocracy
29:12 Treadmill Crane
29:40 Fletching
30:28 Murder Holes
32:18 Masonry
32:06 Bodkin Arrow
35:36 Ballistics
39:15 Imperial Age
39:39 Squires
39:26 Arson
39:10 Man-at-Arms
Angry Womble
12:44 Feudal Age
18:14 Castle Age
16:48 Double-Bit Axe
17:39 Horse Collar
18:38 Pikeman
24:48 Heavy Plow
27:53 Forging
36:41 Imperial Age
34:44 Medium Warships
Connection lost

Rejoining the realm…

Still unreachable

The connection could not be restored.

Session expired

The server has moved on; the page needs a fresh start.